 Dungeon Crawl Stone Soup version 0.31-a0-321-g19405a7a6a (webtiles) character file.

Game seed: 2628964451402174384

28798 LustLizard the Grappler (level 13, -21/92 HPs)
             Began as an Octopode Shapeshifter on July 18, 2023.
             Was a Follower of Uskayaw.
             Demolished by an orc knight
             ... wielding a +3 great mace
              (46 damage)
             ... on level 2 of the Orcish Mines.
             The game lasted 00:26:19 (12238 turns).

LustLizard the Grappler (Octopode Shapeshifter)    Turns: 12238, Time: 00:26:20

Health: -21/92     AC:  5    Str: 19    XL:     13   Next: 41%
Magic:  13/19      EV: 24    Int: 11    God:    Uskayaw [*.....]
Gold:   879        SH:  0    Dex: 12    Spells: 10/12 levels left

rFire   + .          .
                       - Unarmed
rCold   . . .        (no shield)
rNeg    . . .        (helmet currently unavailable)
rPois   .            (no amulet)
rElec   .            i - ring of flight
rCorr   .            k - +5 ring of evasion
SInv    .            n - +5 ring of evasion
Will    +....        C - +4 ring of protection
Stlth   ++           v - ring of protection from fire
HPRegen 0.35/turn    e - ring of willpower
MPRegen 0.16/turn    (no ring)
                     (no ring)

%: no passive effects
@: about to teleport, beast-form, spiked, flying
A: beast (slay +6), almost no armour, amphibious, 8 rings, camouflage 1,
gelatinous body 1, (nimble swimmer 1), tentacles
a: Begin Untransformation, Renounce Religion, Stomp


You were on level 2 of the Orcish Mines.
You worshipped Uskayaw.
Uskayaw was aware of your devotion.
You were a hulking beast.
You visited 3 branches of the dungeon, and saw 14 of its levels.
You also visited: Sewer.

You collected 1775 gold pieces.
You spent 896 gold pieces at shops.

Inventory:

Missiles
 t - 56 poisoned darts (quivered)
 Q - a throwing net
Armour
 y - an orb of light
Jewellery
 e - a ring of willpower (on tentacle)
 i - a ring of flight (left tentacle)
 k - a +5 ring of evasion (right tentacle)
 l - a ring of ice
 n - a +5 ring of evasion (on tentacle)
 r - an amulet of faith
 v - a ring of protection from fire (on tentacle)
 C - a +4 ring of protection (on tentacle)
Talismans
 b - a beast talisman
Wands
 z - a wand of roots (4)
 B - a wand of acid (10)
 F - a wand of paralysis (5)
 I - a wand of digging (2)
 L - a wand of flame (7)
 N - a wand of mindburst (10)
 O - a wand of polymorph (9)
Scrolls
 c - 2 scrolls of blinking {unknown}
 d - 2 scrolls of poison
 f - 2 scrolls of revelation {unknown}
 h - 2 scrolls of immolation {unknown}
 m - a scroll of amnesia {unknown}
 q - a scroll of acquirement
 s - 2 scrolls of noise {unknown}
 w - 2 scrolls of fog
 D - a scroll of silence {unknown}
 G - a scroll of enchant armour
 K - 4 scrolls of teleportation
 M - a scroll of enchant weapon
Potions
 a - 3 potions of lignification
 g - a potion of resistance
 j - a potion of curing
 o - a potion of enlightenment
 p - a potion of berserk rage
 u - a potion of heal wounds
 x - a potion of cancellation
 A - a potion of brilliance
 E - 3 potions of might
 H - a potion of mutation
 J - a potion of ambrosia {unknown}


   Skills:
 + Level 10.1 Fighting
 - Level 5.3 Dodging
 * Level 13.8 Unarmed Combat
 - Level 6.0 Translocations
 + Level 8.5 Invocations
 + Level 8.6 Shapeshifting


You had 10 spell levels left.
You knew the following spells:

 Your Spells              Type           Power      Damage    Failure   Level
a - Blink                 Tloc           26%        N/A       4%          2

Your spell library contained the following spells:

 Spells                   Type           Power      Damage    Failure   Level
 Lesser Beckoning         Tloc           26%        N/A       4%          2
 Gell's Gravitas          Tloc           13%        N/A       9%          3
 Teleport Other           Tloc           13%        N/A       9%          3
 Momentum Strike          Conj/Tloc      12%        3d8       16%         2
 Volatile Blastmotes      Fire/Tloc      12%        2d11      30%         3
 Magic Dart               Conj           0%         1d3       34%         1
 Call Imp                 Summ           0%         N/A       47%         2
 Dazzling Flash           Conj/Hex       0%         N/A       71%         3
 Mephitic Cloud           Conj/Pois/Air  0%         N/A       71%         3
 Summon Guardian Golem    Hex/Summ       0%         N/A       71%         3
 Dispersal                Tloc           6%         N/A       99%         6
 Starburst                Conj/Fire      0%         6d3       100%        6
 Orb of Destruction       Conj           0%         9d5       100%        7
 Spellforged Servitor     Conj/Summ      0%         N/A       100%        7
 Maxwell's Capacitive Co  Air            0%         ∞         100%        8


Dungeon Overview and Level Annotations

Branches:
Dungeon (11/15)            Temple (1/1) D:5            Lair (0/5) D:8
    Orc (2/2) D:11          Sewer (visited)
    Elf: Orc:2

Altars:
Ashenzari
Cheibriados
Dithmenos
Elyvilon
Fedhas
Gozag
Hepliaklqana
Kikubaaqudgha
Makhleb
Nemelex Xobeh
Okawaru
Qazlal
Ru
Sif Muna
Trog
Uskayaw
Vehumet
Wu Jian
Xom
Yredelemnul
Zin
The Shining One

Shops:
D:9 !   D:10 :   D:11 [   Orc:1 !   Orc:2 (

Annotations:
D:10 2 runed translucent doors, Ofeo's ghost, journeyman DrSh


Innate Abilities, Weirdness & Mutations

You are a hulking beast.
Your limbs bulge with bestial killing power. (Slay +6)
You cannot wear most types of armour.
You are amphibious.
You can wear up to eight rings at the same time.
Your skin changes colour to match your surroundings (Stealth+).
Your rubbery body absorbs attacks. (AC +1, EV +1)
((You are camouflaged when in or above water. (Stealth+)))
You have tentacles for arms and can constrict up to eight enemies at once.


Message History

The orc high priest utters an invocation to Beogh.
The orc knight misses you.
An orc comes into view. It is wielding a +0 mace.
You hear a shout!
You can now pass through a line of other dancers.
You stomp with the beat, sending a shockwave through the revellers around you!
The red devil is moderately wounded.
The orc knight is heavily wounded.
You can no longer pass through a line of other dancers.
You constrict the orc knight.
You hear a howl!
You hear a shout!
The orc warlord roars a battlecry!
The orc high priest closely misses you.
An orc warrior comes into view. It is wielding a +0 flail.
The red devil hits you with a +2 demon trident of freezing!
Barbed spikes become lodged in your body.
The red devil freezes you.
You can now pass through a line of other dancers.
You stomp with the beat, sending a shockwave through the revellers around you!
Reactivating autopickup.
You feel a bit more experienced.
The red devil is almost dead.
The orc knight is severely wounded.
You can no longer pass through a line of other dancers.
You constrict the orc knight.
The orc warrior shoots an arrow.
The arrow completely misses you.
A warg comes into view.
The orc high priest calls down the wrath of Beogh upon you.
Beogh smites you! The orc knight completely misses you.
The orc priest invokes the aid of Beogh against you.
Beogh smites you!
* * * LOW HITPOINT WARNING * * *
The red devil barely misses you.
As you read the scroll of teleportation, it crumbles to dust.
You feel strangely unstable.
You constrict the orc knight.
The orc warrior shoots an arrow.
The arrow completely misses you. The orc high priest closely misses you.
The orc knight hits you with a +3 great mace!!!
Ouch! That really hurt!
You die...

o....o.
...._..
..oh...
o.o....
##ooo....
##o.oo....
##ooo#
##4oo##
#.h.##
#∩)## ####


You could see an orc warlord (strong), 2 orc knights, an orc high priest
(strong), a warg, a red devil (summoned), 4 orc warriors, 2 orc priests, an orc
wizard (strong) and 3 orcs.

Vanquished Creatures
  Erica (D:8)
  A boulder beetle (D:10)
  2 centaur warriors (D:8)
  2 two-headed ogres (D:11)
  Nergalle (Orc:1)
  An orc knight (Orc:1)
  A cyclops (D:11)
  A manticore (D:11)
  Maggie (D:6)
  2 gargoyles
  An unseen horror (D:8)
  A yaktaur (D:8)
  A komodo dragon (D:11)
  4 trolls
  3 hornets
  2 slime creatures
  3 vampires
  4 shadows
  2 wyverns (D:8)
  Eustachio (D:6)
  21 yaks
  A wraith (D:10)
  3 vampire mosquitoes
  3 steam dragons
  A warg (Orc:2)
  Edmund (D:6)
  3 water moccasins
  A swamp drake (D:11)
  15 orc warriors
  A black bear (D:6)
  2 ice beasts (D:7)
  2 sky beasts
  4 ogres
  3 phantoms
  5 centaurs
  9 kobold brigands
  6 bullfrogs
  2 gnoll sergeants
  4 scorpions
  6 wights
  5 killer bees (D:9)
  An electric eel (D:11)
  3 howler monkeys
  4 hounds
  12 orc priests
  A gnoll bouda (D:4)
  A jelly (D:4)
  Terence (D:2)
  An iguana (D:4)
  17 orc wizards
  4 gnolls
  12 adders
  A river rat (Sewer)
  3 shadow imps
  A white imp (D:8)
  2 ufetubi
  6 worms
  4 dart slugs
  68 orcs
  12 endoplasms
  14 giant cockroaches
  11 goblins
  8 hobgoblins
  12 jackals
  2 quokkas (D:1)
  15 ball pythons
  9 bats
  5 frilled lizards
  24 kobolds
  9 rats
396 creatures vanquished.

Vanquished Creatures (others)
  An orc (D:11)
1 creature vanquished.

Grand Total: 397 creatures vanquished

Notes
Turn   | Place    | Note
-------+----------+-------------------------------------------
     0 | D:1      | LustLizard the Octopode Shapeshifter began the quest for
                  | the Orb.
     0 | D:1      | Reached XP level 1. HP: 14/14 MP: 1/1
    61 | D:1      | Reached XP level 2. HP: 19/19 MP: 2/2
   313 | D:1      | Reached XP level 3. HP: 22/25 MP: 3/3
   924 | D:2      | Reached skill level 3 in Unarmed Combat
   969 | D:2      | Noticed Terence
  1056 | D:2      | Noticed a scorpion
  1071 | D:2      | Killed a scorpion
  1072 | D:2      | Reached XP level 4. HP: 25/30 MP: 4/4
  1160 | D:2      | Reached XP level 5. HP: 33/36 MP: 5/5
  1395 | D:2      | Killed Terence
  1396 | D:2      | Reached skill level 4 in Unarmed Combat
  1728 | D:3      | Found a glowing drain.
  1860 | Sewer    | Entered a sewer
  1879 | Sewer    | Noticed a kobold brigand
  1897 | Sewer    | Killed a kobold brigand
  1898 | Sewer    | Reached XP level 6. HP: 42/42 MP: 6/6
  2056 | Sewer    | Reached skill level 5 in Unarmed Combat
  2184 | Sewer    | Reached XP level 7. HP: 48/48 MP: 7/7
  2947 | D:3      | Reached skill level 6 in Unarmed Combat
  3621 | D:4      | Reached XP level 8. HP: 23/54 MP: 8/8
  3764 | D:4      | Noticed Edmund
  3815 | D:4      | Reached skill level 5 in Fighting
  3825 | D:4      | Reached skill level 7 in Unarmed Combat
  3875 | D:4      | Identified the +9 dagger of Oblodur {freeze, rN+ Str+3
                  | Dex+4}
  3954 | D:4      | Reached skill level 5 in Shapeshifting
  4740 | D:5      | Entered Level 5 of the Dungeon
  4949 | D:5      | Reached skill level 8 in Unarmed Combat
  5118 | D:5      | Reached XP level 9. HP: 50/62 MP: 9/9
  5237 | D:5      | Found a staircase to the Ecumenical Temple.
  5246 | Temple   | Entered the Ecumenical Temple
  5267 | Temple   | Became a worshipper of Uskayaw the Reveller
  5549 | D:6      | Reached * piety under Uskayaw
  5558 | D:6      | Noticed Maggie
  5574 | D:6      | Reached ** piety under Uskayaw
  5579 | D:6      | Reached *** piety under Uskayaw
  5580 | D:6      | Noticed Eustachio
  5581 | D:6      | Reached **** piety under Uskayaw
  5584 | D:6      | Killed Edmund
  5585 | D:6      | Reached skill level 1 in Invocations
  5788 | D:6      | Killed Eustachio
  5793 | D:6      | Identified a scroll of acquirement
  5906 | D:6      | Reached skill level 9 in Unarmed Combat
  6867 | D:7      | Found a white marble altar of Elyvilon.
  6873 | D:7      | Found an ancient bone altar of Kikubaaqudgha.
  6878 | D:7      | Found a broken altar of Ashenzari.
  6909 | D:7      | Reached XP level 10. HP: 69/69 MP: 12/12
  7229 | D:8      | Noticed Erica
  7240 | D:8      | Reached ***** piety under Uskayaw
  7241 | D:8      | Killed Erica
  7242 | D:8      | Reached skill level 10 in Unarmed Combat
  7393 | D:8      | Found a staircase to the Lair.
  7597 | D:8      | Reached skill level 5 in Dodging
  7729 | D:8      | Reached skill level 5 in Invocations
  7729 | D:8      | Reached XP level 11. HP: 38/76 MP: 14/14
  7945 | D:8      | Found a radiant altar of Vehumet.
  8114 | D:8      | Learned a level 2 spell: Blink
  8132 | D:8      | Noticed a centaur warrior
  8137 | D:8      | Noticed a deep elf pyromancer
  8138 | D:8      | Noticed a centaur warrior
  8143 | D:8      | Killed a centaur warrior
  8144 | D:8      | Reached skill level 11 in Unarmed Combat
  8144 | D:8      | Reached skill level 1 in Translocations
  8184 | D:8      | Killed a centaur warrior
  8375 | D:8      | Noticed a six-headed hydra
  8375 | D:8      | Noticed a boulder beetle
  8376 | D:8      | Noticed a deep elf pyromancer
  8669 | D:9      | Found Saic's Distillery.
  8674 | D:9      | Acquired 941 gold pieces
  8676 | D:9      | Bought a potion of experience for 700 gold pieces
  8676 | D:9      | Reached skill level 12 in Unarmed Combat
  8676 | D:9      | Reached XP level 12. HP: 85/85 MP: 15/17
  8677 | D:9      | Bought a potion of might for 56 gold pieces
  8677 | D:9      | Bought a potion of resistance for 140 gold pieces
  8899 | D:9      | Found a burning altar of Makhleb.
  9714 | D:6      | Killed Maggie
  9807 | D:10     | Entered Level 10 of the Dungeon
 10111 | D:10     | Found a large runed translucent door.
 10111 | D:10     | Found a large runed translucent door.
 10116 | D:10     | Noticed Ofeo's ghost (journeyman DrSh)
 10141 | D:10     | Found Osay's Book Shop.
 10224 | D:10     | Reached ****** piety under Uskayaw
 10226 | D:10     | Reached skill level 5 in Translocations
 10292 | D:10     | Reached skill level 13 in Unarmed Combat
 10531 | D:11     | Noticed a boulder beetle
 10549 | D:10     | Killed a boulder beetle
 10780 | D:11     | Reached XP level 13. HP: 65/90 MP: 18/18
 10933 | D:11     | Identified the +0 chain mail of Kubloxt {Fly Int-2 Stlth+}
 11273 | D:11     | Found Ruerghu's Antique Armour Shop.
 11548 | D:11     | Found a staircase to the Orcish Mines.
 11741 | Orc:1    | Entered Level 1 of the Orcish Mines
 11762 | Orc:1    | Reached skill level 10 in Fighting
 11860 | Orc:1    | Found Haneah's Distillery.
 11953 | Orc:1    | Noticed Nergalle
 11966 | Orc:1    | Killed Nergalle
 12177 | Orc:2    | Entered Level 2 of the Orcish Mines
 12190 | Orc:2    | Noticed an orc warlord
 12228 | Orc:2    | Noticed an orc warlord
 12228 | Orc:2    | Found Noddewni's Antique Weapon Shoppe.
 12238 | Orc:2    | Demolished by an orc knight

Illustrated notes

Levels and vault maps discovered:
D:1:      lemuel_arrival_cross, layout_loops_cross, minmay_pentomino_v2
D:2:      layout_basic, uniq_terence
D:3:      minmay_octagon_keep, layout_basic, portal_sewer_entry_f
D:4:      layout_loops_ring, hangedman_abyss_or_decor_lesser_grid,
          dk_noncrumbling_2, chequers_arboretum, nzn_random_ring, uniq_edmund
D:5:      layout_cave_pools, lemuel_temple_firewalk_a
D:6:      layout_cave_pools, kennysheep_generic_room_9, uniq_eustachio,
          uniq_maggie
D:7:      layout_loops_ring, minmay_overflow_temple_star_quad
D:8:      nzn_winding_woodlands_large [nzn_winding_woodlands_5x5_cross,
          nzn_winding_woodlands_5x15_parted,
          nzn_winding_woodlands_5x5_closed_star,
          nzn_winding_woodlands_center_pierced_h,
          nzn_winding_woodlands_15x15_thick_spiral,
          nzn_winding_woodlands_center_garden,
          nzn_winding_woodlands_5x5_open_star,
          nzn_winding_woodlands_5x15_sidewinder,
          nzn_winding_woodlands_hourglass], layout_loops_ring,
          nicolae_vehumet_radiance, uniq_erica
D:9:      layout_gridville, mainiacjoe_overflow_24_doors, serial_shops,
          nicolae_shop_hallway_stairs
D:10:     layout_roguey [special_room_orc], ebering_ghost_disaster_area,
          serial_shops, nicolae_shop_behind_doors, eino_tiny_chamber
D:11:     minmay_angry_zag, layout_cave_pools, erik_orc_1, serial_column_ruins,
          column_ruins_hut_pillars, column_ruins_corridor_water,
          column_ruins_columns_straight, column_ruins_grid_1,
          column_ruins_open_tiny, column_ruins_grid_2, serial_shops,
          nicolae_take_the_stairs, serial_bayou_pond_a
Temple:   nicolae_temple_bog_church
Orc:1:    layout_diamond_mine, serial_shops, shop, abandoned_shop,
          uniq_nergalle, uniq_harold
Orc:2:    grunt_orc_cross, layout_diamond_mine, ebering_ghost_xom, serial_shops,
          shop, lemuel_statue_altar, uniq_snorg, uniq_azrael

Skill      XL: |  1  2  3  4  5  6  7  8  9 10 11 12 13 |
---------------+----------------------------------------+-----
Unarmed Combat | 3 4 5 6 8 9 10 12 13 | 13.8
Fighting       | 3 4 5 6 7 9 10 | 10.1
Shapeshifting  | 4 5 6 7 8 |  8.6
Invocations    | 3 5 7 8 |  8.5
Dodging        | 3 5 |  5.3
Translocations | 4 5 6 |  6.0

Action                     |  1- 3 |  4- 6 |  7- 9 | 10-12 | 13-15 || total
---------------------------+-------+-------+-------+-------+-------++-------
  Melee: Unarmed           |    63 |    81 |   280 |   278 |   117 ||   819
         Constrict         |    20 |    22 |    53 |    45 |    19 ||   159
         Tentacles         |    10 |    16 |    60 |    90 |    31 ||   207
         Punch             |     2 |     4 |    14 |    35 |    15 ||    70
  Throw: Dart              |       |       |     1 |     5 |       ||     6
 Invoke: Stomp             |       |       |       |       |     2 ||     2
  Evoke: Wand              |       |       |       |     2 |       ||     2
    Use: Scroll            |     2 |     1 |     7 |     9 |     1 ||    20
         Potion            |       |       |     2 |     3 |       ||     5
   Stab: Sleeping          |     9 |     5 |    17 |     2 |       ||    33
         Distracted        |       |       |     1 |       |       ||     1
         Paralysed         |       |       |     2 |    25 |    12 ||    39
         Confused          |       |       |       |       |     1 ||     1
 Armour: Skin              |     5 |     3 |     6 |    23 |     9 ||    46
  Dodge: Dodged            |    34 |    57 |   196 |   202 |   113 ||   602

Table legend: (Time is in decaauts)
 A = Elapsed time spent in this place.
 B = Non-inter-level travel time spent in this place.
 C = Inter-level travel time spent in this place.
 D = Time resting spent in this place.
 E = Time spent auto-exploring this place.
 F = Levels seen in this place.
 G = Mean time per level.
                   A        B        C        D        E       F      G
               +--------+--------+--------+--------+--------+-----+--------+
         Total |  12112 |  11348 |    764 |   1201 |   7760 |  15 |  807.5 |
       Dungeon |  11018 |  10322 |    696 |   1171 |   7103 |  11 | 1001.6 |
        Temple |     36 |     13 |     23 |      0 |      0 |   1 |   36.0 |
  Orcish Mines |    475 |    430 |     45 |     30 |    309 |   2 |  237.5 |
         Sewer |    580 |    580 |      0 |      0 |    348 |   1 |  580.0 |
               +--------+--------+--------+--------+--------+-----+--------+

Top non-repeatable levels by time:
     D:8: 1574 daAuts
     D:4: 1481 daAuts
     D:3: 1106 daAuts
    D:11: 970 daAuts
    D:10: 939 daAuts
     D:5: 931 daAuts
     D:9: 863 daAuts
     D:7: 844 daAuts
     D:1: 802 daAuts
     D:2: 785 daAuts
     D:6: 719 daAuts
   Sewer: 580 daAuts
   Orc:1: 447 daAuts
  Temple: 36 daAuts
   Orc:2: 28 daAuts
